 Dungeon Crawl Stone Soup version 0.29.1-4-g47bece8355 (webtiles) character file.

Game seed: 12228647082868444447

3 ChadusMaximus the Caller (level 1, -2/13 HPs)
             Began as a Human Summoner on Dec 7, 2022.
             Slain by a quokka (4 damage)
             ... on level 2 of the Dungeon.
             The game lasted 00:00:23 (287 turns).

ChadusMaximus the Caller (Human Summoner)            Turns: 287, Time: 00:00:24

Health: -2/13      AC:  2    Str:  8    XL:     1   Next: 55%
Magic:  1/3        EV: 12    Int: 15    God:
Gold:   11         SH:  0    Dex: 13    Spells: 3/4 levels left

rFire   . . .      SeeInvis .   (no weapon)
rCold   . . .      Faith    .   (no shield)
rNeg    . . .      Spirit   .   a - +0 robe
rPois   .          Reflect  .   (no helmet)
rElec   .          Harm     .   (no cloak)
rCorr   .          Rampage  .   (no gloves)
Will    .....                   (no boots)
Stlth   ++........              (no amulet)
HPRegen 0.04/turn               (no ring)
MPRegen 0.08/turn               (no ring)

@: no status effects
A: no striking features
a: no special abilities


You were on level 2 of the Dungeon.
You visited 1 branch of the dungeon, and saw 2 of its levels.

You collected 11 gold pieces.

Inventory:

Armour
 a - a +0 robe (worn)
Scrolls
 c - a scroll of amnesia {unknown}
 d - a scroll of immolation {unknown}
 f - a scroll of enchant armour {unknown}
 g - a scroll of butterflies {unknown}
Potions
 b - a potion of magic
 e - a potion of berserk rage {unknown}


   Skills:
 + Level 2.1 Dodging
 + Level 2.0 Stealth
 + Level 2.0 Spellcasting
 + Level 4.0 Summonings


You had 3 spell levels left.
You knew the following spells:

 Your Spells              Type           Power      Damage    Failure   Level
a - Summon Small Mammal   Summ           52%        N/A       4%          1

Your spell library contained the following spells:

 Spells                   Type           Power      Damage    Failure   Level
 Call Imp                 Summ           13%        N/A       6%          2
 Call Canine Familiar     Summ           13%        N/A       13%         3
 Summon Guardian Golem    Hex/Summ       7%         N/A       28%         3
 Summon Lightning Spire   Summ/Air       7%         N/A       67%         4


Dungeon Overview and Level Annotations

Branches:
Dungeon (2/15)

Altars:


Message History

You swap places.
A quokka comes into view.
Found a stone staircase leading up.
You see here a frilled lizard corpse.
Unknown command.
You swap places.
There is a stone staircase leading up here.
You start resting.
Your rat disappears in a puff of smoke!
Magic restored.
You start resting.
HP restored.
You see here a frilled lizard corpse.
A bat comes into view.
Casting: Summon Small Mammal (safe; 4% risk of failure)
Confirm with . or Enter, or press ? or * to list all spells.
Casting: Summon Small Mammal (safe; 4% risk of failure)
Confirm with . or Enter, or press ? or * to list all spells.
The quokka closely misses you.
You see here a frilled lizard corpse.
The quokka bites you.
You swap places.
The quokka completely misses you.
Your quokka bites the quokka.
Your rat closely misses the quokka.
You see here a frilled lizard corpse.
The quokka bites you.
Your quokka barely misses the quokka.
The quokka bites you but does no damage.
Your rat barely misses the quokka.
Your quokka closely misses the quokka.
The quokka bites you.
* * * LOW HITPOINT WARNING * * *
Your rat closely misses the quokka.
Your quokka bites the quokka.
Your quokka misses the quokka.
There is a stone staircase leading up here.
You hit the quokka but do no damage.
The quokka is heavily wounded.
The quokka closely misses you.
Your quokka closely misses the quokka.
Your rat closely misses the quokka.
You hit the quokka.
The quokka is severely wounded.
The quokka bites you.
You die...

#.# # #.#
#. #.# ..
#.# # .b
#.# #..#.
#.#
......#r###
.......rr@#
........###
.#....$<#
......###
...#.. ..
#.. . #. ..


You could see a quokka (ally target), a friendly quokka (summoned) and a
friendly rat (summoned).

Vanquished Creatures
  A frilled lizard (D:2)
1 creature vanquished.

Vanquished Creatures (collateral kills)
  A quokka (D:1)
  2 frilled lizards (D:1)
3 creatures vanquished.

Grand Total: 4 creatures vanquished

Notes
Turn   | Place    | Note
-------+----------+-------------------------------------------
     0 | D:1      | ChadusMaximus the Human Summoner began the quest for the
                  | Orb.
     0 | D:1      | Reached XP level 1. HP: 13/13 MP: 3/3
   287 | D:2      | Slain by a quokka

Illustrated notes

Levels and vault maps discovered:
D:1:      heliophobic_arrival_battle_scene, layout_basic,
          palyth_stone_intersect, minmay_lizard_pond
D:2:      layout_basic, basic_altar, minmay_puff

Action                   || total
-------------------------++-------
Melee: Unarmed           ||    10
 Cast: Summon Small Mamm ||     8
Armor: Robe              ||     6
Dodge: Dodged            ||    11
